AoeStats
← Hans de Boer

Yucatan

510377976Analyzed
2v2 RM · 1d ago on Sep 30, 2026· 24m 20s· 4 players
Game mode
Random Map
Map size
Medium (4 player)
Population
200
Speed
Normal
Resources
Standard
Victory
Conquest
Starting age
Dark Age
Ending age
Imperial Age
RankedLock teamsTeams togetherTeam positionsShared explorationLock speedFull tech treeHidden civsTurbo modeCheats
Victory
Defeat
🇲🇽 Bohemians · Mexico
764
+17
🇳🇱 Hindustanis · Netherlands
738
+18
🇸🇪 Burgundians · Sweden
790
-18
🇳🇱 Japanese · Netherlands
784
-22
Hans de Boer
9:39 Loom
13:19 Feudal Age
13:57 Horse Collar
14:04 Double-Bit Axe
15:01 Wheelbarrow
16:34 Forging
23:10 Castle Age
CALLATEprr@
0:39 Loom
11:58 Feudal Age
15:35 Man-at-Arms
16:02 Arson
18:59 Castle Age
17:00 Arson
19:04 Double-Bit Axe
20:56 Squires
22:17 Long Swordsman
23:06 Scale Mail Armor
Akreed
11:01 Feudal Age
10:09 Double-Bit Axe
10:09 Horse Collar
13:56 Heavy Plow
14:11 Bow Saw
14:51 Arson
16:23 Wheelbarrow
17:08 Loom
22:16 Castle Age
20:32 Hand Cart
20:03 Town Watch
23:14 Hand Cart
22:47 Loom
22:50 Town Watch
24:32 Squires
24:20 Arson
Hrothgar
11:04 Feudal Age
11:55 Horse Collar
12:04 Double-Bit Axe
18:50 Castle Age
20:21 Bow Saw
20:31 Heavy Plow
20:31 Stone Mining
Connection lost

Rejoining the realm…

Still unreachable

The connection could not be restored.

Session expired

The server has moved on; the page needs a fresh start.